 Dungeon Sprint DCSS version 0.31-a0-536-ga3e2962e35 (webtiles) character file.

Game seed: 7804244154688277543

800000 Conn the Magician (level 1, -39/10 HPs)
             Began as a Tengu Hedge Wizard on Aug 13, 2023.
             Was an Initiate of Makhleb.
             Annihilated by a meat berserker
             ... wielding a +9 battleaxe
              (49 damage)
             ... in the Dungeon (Sprint VIII: "Arena of Blood").
             The game lasted 00:00:20 (8 turns).

Conn the Magician (Tengu Hedge Wizard)                 Turns: 8, Time: 00:00:35

Health: -39/10     AC:  2    Str: 10    XL:     1   Next: 0%
Magic:  5/5        EV: 12    Int: 14    God:    Makhleb [......]
Gold:   0          SH:  0    Dex: 13    Spells: 5/6 levels left

rFire   . . .        j - +∞ Axe of Woe
rCold   . . .        (shield currently unavailable)
rNeg    . . .        b - +0 robe
rPois   .            c - +0 hat
rElec   .            (no cloak)
rCorr   .            (no gloves)
SInv    .            (boots unavailable)
Will    .....        (no amulet)
Stlth   ++           (no ring)
HPRegen 0.21/turn    (no ring)
MPRegen 0.09/turn

%: no teleportation
@: no status effects
A: beak, talons 3
a: Renounce Religion


You were in the Dungeon.
You worshipped Makhleb.
Makhleb was noncommittal.
You visited 1 branch

Inventory:

Hand Weapons
 a - a +0 dagger
 j - the +∞ Axe of Woe (weapon)
   (You found it in the Dungeon)
Armour
 b - a +0 robe (worn)
 c - a +0 hat (worn)
Scrolls
 i - a scroll of blinking
Potions
 d - 3 potions of magic
 e - a potion of curing
 f - a potion of heal wounds
 g - a potion of haste
 h - a potion of berserk rage


   Skills:
 + Level 2.1 Dodging
 + Level 2.0 Stealth
 + Level 3.0 Spellcasting
 + Level 1.3 Conjurations
 + Level 1.2 Summonings
 + Level 0.7 Translocations


You had 5 spell levels left.
You knew the following spells:

 Your Spells              Type           Power      Damage    Failure   Level
a - Magic Dart            Conj           20%        1d4       12%         1

Your spell library contained the following spells:

 Spells                   Type           Power      Damage    Failure   Level
 Call Imp                 Summ           10%        N/A       21%         2
 Slow                     Hex            8%         N/A       22%         1
 Blink                    Tloc           8%         N/A       24%         2
 Cigotuvi's Dreadful Rot  Necr/Pois/Air  4%         N/A       32%         2
 Mephitic Cloud           Conj/Pois/Air  3%         N/A       47%         3


Dungeon Overview and Level Annotations

Branches:
Dungeon (1/1)

Altars:
Makhleb


Innate Abilities, Weirdness & Mutations

You have a beak for a mouth.
You have claws for feet.


Message History

-- -- -- You descend into the pit of gibs and meat, -- -- The sunken abyss of the depraved, -- -- The mill of turgid gutspawn. -- -- The writhen instruments serve in adoration, -- -- Immured beneath a rotten throne. -- -- -- -- Before you lies the servitor of chaos, -- -- The cleaver, -- -- The blasphemer, -- -- The destroyer, -- -- The Axe of Woe. -- -- -- -- Vessel of Makhleb, -- -- You are the unmaker, -- -- You bring the rapture, -- -- The murmurs of the thralls rise... -- -- The theatre of blood begins. -- -- -- ------------------------------------------------------------------------------ ------------------------------------------------------------------------------ Welcome, Conn the Tengu Hedge Wizard.
Press ? for a list of commands and other information.
Found the +∞ Axe of Woe.
Found four burning altars of Makhleb.
Found a staircase leading out of the dungeon.
Unknown command.
Unknown command.
j - the +∞ Axe of Woe (weapon)
You hear a shout! x7
You hear a shout! x9
There is a burning altar of Makhleb here.
You kneel at the altar of Makhleb.
Makhleb welcomes you!
You hear a shout! x7
A bag of meat comes into view. It is wielding a +9 war axe.
The bag of meat appears out of thin air!
A bag of meat comes into view. It is wielding a +9 war axe.
The bag of meat shouts!
You hear a shout! x6
Unknown command.
You hear a shout! x2
A meat berserker comes into view. It is wielding a +9 battleaxe.
You hear a shout! x7
A bag of meat and 2 meat berserkers come into view.
The meat berserker shouts! x2; You hear a shout!
A meat berserker comes into view. It is wielding a +9 battleaxe.
The meat berserker rages. x2
You hear a shout!
You hear a shout! x5
The meat berserker rages.
Unknown command.
You slash the bag of meat!
You hew the bag of meat violently.
You kill the bag of meat!
Makhleb accepts your kill.
You hear a shout! x3
The meat berserker hits you with a +9 battleaxe!!!
Ouch! That really hurt!
You die...

#... .# #... #...
..# ....###...
..###.
.........###......
.#........_......
.......#.....#
.......#_.<._#
.......#)....#...
#...o.@.O_......
.......OO###......
....###...o...###.
... #.......# .
#.......#
.O........
...........
...........
...........#


You could see 4 meat berserkers and 2 bags of meat.

Vanquished Creatures
  An orc (D)
1 creature vanquished.

Notes
Turn   | Place    | Note
-------+----------+-------------------------------------------
     0 | D        | Found the +∞ Axe of Woe
     0 | D        | Conn the Tengu Hedge Wizard began the quest for the Orb.
     0 | D        | Reached XP level 1. HP: 10/10 MP: 5/5
     3 | D        | Became a worshipper of Makhleb the Destroyer
     4 | D        | Noticed a bag of meat
     5 | D        | Noticed a bag of meat
     5 | D        | Noticed a meat berserker
     6 | D        | Noticed a bag of meat
     6 | D        | Noticed a meat berserker
     6 | D        | Noticed a meat berserker
     6 | D        | Noticed a meat berserker
     8 | D        | Killed a bag of meat
     8 | D        | Annihilated by a meat berserker

Illustrated notes

Levels and vault maps discovered:
D:        meatsprint

Action                     || total
---------------------------++-------
  Melee: Executioner's axe ||     1

Table legend: (Time is in decaauts)
 A = Elapsed time spent in this place.
 B = Non-inter-level travel time spent in this place.
 C = Inter-level travel time spent in this place.
 D = Time resting spent in this place.
 E = Time spent auto-exploring this place.
 F = Levels seen in this place.
 G = Mean time per level.
                   A        B        C        D        E       F      G
               +--------+--------+--------+--------+--------+-----+--------+
         Total |      7 |      7 |      0 |      0 |      0 |   1 |    7.0 |
       Dungeon |      7 |      7 |      0 |      0 |      0 |   1 |    7.0 |
               +--------+--------+--------+--------+--------+-----+--------+

Top non-repeatable levels by time:
       D: 7 daAuts
